 Dungeon Crawl Stone Soup version 0.22-a0-395-gfed312b (webtiles) character file.

32 nikopol the Magician (level 3, 0/19 HPs)
             Began as a Deep Elf Fire Elementalist on May 3, 2018.
             Succumbed to an adder's poison
             ... on level 2 of the Dungeon.
             The game lasted 00:02:21 (1144 turns).

nikopol the Magician (Deep Elf Fire Elementalist)   Turns: 1144, Time: 00:02:22

Health: 0/19       AC:  2    Str:  5    XL:     3   Next: 10%
Magic:  0/10       EV: 13    Int: 20    God:
Gold:   81         SH:  0    Dex: 15    Spells: 9/10 levels left

rFire    . . .     SeeInvis +   i - +0 dagger
rCold    . . .     Gourm    .   (no shield)
rNeg     . . .     Faith    .   a - +0 robe
rPois    .         Spirit   .   (no helmet)
rElec    .         Reflect  .   (no cloak)
rCorr    .         Harm     .   (no gloves)
MR       .....                  (no boots)
Stlth    ++........             (no amulet)
HPRegen  0.06/turn              j - ring of see invisible
MPRegen  0.12/turn              (no ring)

@: lethally poisoned (0 -> -7), very slightly contaminated
A: no striking features
a: no special abilities


You were on level 2 of the Dungeon.
You were hungry.

You visited 1 branch of the dungeon, and saw 2 of its levels.

You collected 81 gold pieces.

Inventory:

Hand Weapons
 i - a +0 dagger (weapon)
Armour
 a - a +0 robe (worn)
Jewellery
 j - a ring of see invisible (left hand)
Scrolls
 b - a scroll of fog
 d - 2 scrolls of remove curse
 e - a scroll of enchant weapon {unknown}
 g - a scroll of amnesia {unknown}
 h - 3 scrolls of identify
Comestibles
 c - 3 rations
 f - a chunk of flesh


   Skills:
 + Level 2.4 Dodging
 + Level 2.5 Stealth
 + Level 4.0 Spellcasting
 + Level 1.6 Conjurations
 + Level 3.8 Fire Magic


You had 9 spell levels left.
You knew the following spells:

 Your Spells              Type           Power        Failure   Level  Hunger
a - Flame Tongue          Conj/Fire      ##...        4%          1    None


Dungeon Overview and Level Annotations

Branches:
Dungeon (2/15)

Altars:
Hepliaklqana


Message History

You kill the adder!
Your Spellcasting skill increases to level 4!
You have reached level 3!
Your experience leads to an increase in your attributes!
Increase (S)trength, (I)ntelligence, or (D)exterity?
You feel clever.
* * * LOW HITPOINT WARNING * * *
You feel sick.
You aren't carrying any potions.
As you read the scroll labeled RIYMUD UHAFEU, it crumbles to dust.
You feel blessed for a moment.
It was a scroll of remove curse.
As you read the scroll labeled UPOSAY IPAECS, it crumbles to dust.
It is a scroll of identify.
b - a scroll of fog
* * * LOW HITPOINT WARNING * * *
You feel sick.
You see here an adder corpse.
* * * LOW HITPOINT WARNING * * *
You feel sick.
You die...

###. .... ...
#.#.## #. #.....
#. #..!.. #<
#..... #. #_...(
####### ###.
#.....#.......
#... #@# ###[ #.#
#. #†# #. #.# #.
#.# #.
#.###############.
#.................
##################
#


There were no monsters in sight!

Vanquished Creatures
  An adder (D:2)
  2 dart slugs (D:1)
  2 goblins (D:2)
  3 hobgoblins (D:1)
  A ball python (D:2)
  3 bats
  3 frilled lizards (D:1)
  4 kobolds (D:1)
  4 rats (D:1)
23 creatures vanquished.

Notes
Turn   | Place    | Note
-------+----------+-------------------------------------------
     0 | D:1      | nikopol the Deep Elf Fire Elementalist began the quest for the Orb.
     0 | D:1      | Reached XP level 1. HP: 10/10 MP: 6/6
   276 | D:1      | Reached XP level 2. HP: 15/15 MP: 2/8
  1127 | D:2      | Found a hazy altar of Hepliaklqana.
  1139 | D:2      | Reached skill level 4 in Spellcasting
  1139 | D:2      | Reached XP level 3. HP: 4/19 MP: 0/10
  1144 | D:2      | Succumbed to an adder's poison

Vault maps used:
D:1:      enne_arrival_octagon_isle, minmay_misc_feat_hallway, minmay_tromino_v2
D:2:      overflow_temple_1_default, amethyst_overflow_temple_binary,
          lightli_temple_of_fire, gammafunk_temple_overflow_elements,
          cheibriados_altar_1

Skill      XL: |  1  2 |
---------------+-------+-----
Spellcasting   | 4 |  4.0
Dodging        | |  2.4
Stealth        | |  2.5
Conjurations   | |  1.6
Fire Magic     | |  3.8

Action                   || total
-------------------------++-------
 Cast: Flame Tongue      ||    46
  Use: Scroll            ||     2
Armor: Robe              ||     5
Dodge: Dodged            ||    11

Table legend:
 A = Spawn XP
 B = Non-spawn XP
 C = Spawn XP percentage of total XP
 D = Spawn monster count
 E = Non-spawn monster count
 F = Spawn count percentage of total count
 G = Total turns spent on level
                    A         B        C        D         E        F      G
               +---------+---------+-------+---------+---------+-------+---------
         Total |       0 |      47 |   0.0 |       0 |      23 |   0.0 |  1144
               +---------+---------+-------+---------+---------+-------+---------
           D:1 |       0 |      29 |   0.0 |       0 |      18 |   0.0 |  1018
           D:2 |       0 |      18 |   0.0 |       0 |       5 |   0.0 |   126
               +---------+---------+-------+---------+---------+-------+---------
